 Dungeon Crawl Stone Soup version 0.21-a0-496-g696f58f (webtiles) character file.

143 Ijustatesigmund the Skirmisher (level 5, -3/37 HPs)
             Began as an Octopode Artificer on Nov 23, 2017.
             Slain by an orc priest
             ... wielding a +0 hand axe
              (6 damage)
             ... on level 3 of the Dungeon.
             The game lasted 00:08:39 (3266 turns).

Ijustatesigmund the Skirmisher (Octopode Artificer) Turns: 3266, Time: 00:08:40

Health: -3/37      AC:  1    Str: 11    XL:     5   Next: 25%
Magic:  7/7        EV: 13    Int: 13    God:
Gold:   103        SH:  4    Dex: 14    Spells: 4/4 levels left

rFire    . . .     SeeInvis .   a - +0 whip
rCold    . . .     Gourm    .   g - +1 buckler
rNeg     . . .     Faith    .   (helmet restricted)
rPois    .         Spirit   .   (no amulet)
rElec    .         Reflect  .   (no ring)
rCorr    .         Harm     .   (no ring)
MR       .....                  (no ring)
Stlth    +++.......             (no ring)
HPRegen  0.12/turn              (no ring)
MPRegen  0.10/turn              (no ring)
                                (no ring)
                                (no ring)

@: no status effects
A: almost no armour, stealthy swim, amphibious, 8 rings, constrict 8, camouflage
1, gelatinous body 1
a: no special abilities


You were on level 3 of the Dungeon.
You were not hungry.

You visited 1 branch of the dungeon, and saw 3 of its levels.

You collected 103 gold pieces.

Inventory:

Hand Weapons
 a - a +0 whip (weapon)
Armour
 g - a +1 buckler (worn)
Wands
 b - a wand of flame (15)
 c - a wand of enslavement (3)
 d - a wand of random effects (8)
Scrolls
 e - 2 scrolls of identify
 h - a scroll of blinking
Potions
 i - 2 potions of flight
Comestibles
 f - a bread ration
 j - a meat ration
 k - a royal jelly


   Skills:
 + Level 4.0 Fighting
   Level 1.0 Short Blades
 + Level 2.6 Maces & Flails
 - Level 2.0 Dodging
 - Level 1.3 Stealth
 + Level 0.0 Shields
 - Level 3.2 Evocations


You had 4 spell levels left.
You didn't know any spells.

Dungeon Overview and Level Annotations

Branches:
Dungeon (3/15)

Altars:
Gozag


Innate Abilities, Weirdness & Mutations

You cannot wear most types of armour.
You are very stealthy in the water. (Stealth+)
You are amphibious.
You can wear up to eight rings at the same time.
You can use your tentacles to constrict eight enemies at once.
Your skin changes colour to match your surroundings (Stealth+).
Your rubbery body absorbs attacks. (AC +1, EV +1)


Message History

The orc priest mumbles some strange prayers to Beogh against you.
Beogh smites you!
You miss the orc priest. You grab the orc priest.
The orc priest is severely wounded.
You constrict the orc priest, but do no damage.
The orc priest mumbles some strange prayers to Beogh against you.
Beogh smites you!
The orc priest hits you with a hand axe.
* * * LOW HITPOINT WARNING * * *
Okay, then.
You hit the orc priest but do no damage.
The orc priest is severely wounded.
You constrict the orc priest, but do no damage.
The orc priest hits you with a hand axe.
* * * LOW HITPOINT WARNING * * *
You hit the orc priest.
The orc priest is almost dead.
You constrict the orc priest, but do no damage.
The orc priest hits you with a hand axe.
You die...

#######.###### #.##.###.#.#
# .............#
#......#.#.# #
#######.####.# ####.#.#.#.#
# #.####.######.#.#.#.###
#...........#.#........
#######.####.#.#.....(..
K.^.......##.#.#........
#####K....##.#.#.#.#....
#..@..##.#.#...#....
#..o..##.#.#...#.###
##.....##.#.#####.###
#......##.#.......##.
#....#.##.##########.
#....#.##.##########.
###########.#.##..)........#
.......)........).....####.#
..........).....).).........


You could see an orc priest and a kobold.

Vanquished Creatures
  An iguana (D:2)
  2 gnolls (D:3)
  2 adders
  An ooze (D:2)
  4 worms
  2 leopard geckos
  An orc (D:3)
  A giant cockroach (D:3)
  4 goblins
  6 hobgoblins
  A jackal (D:2)
  A ball python (D:3)
  6 bats
  A frilled lizard (D:2)
  5 kobolds
  6 rats
44 creatures vanquished.

Vanquished Creatures (collateral kills)
  An orc wizard (D:3)
  2 orcs (D:3)
  A goblin (D:3)
  A hobgoblin (D:3)
  A frilled lizard (D:3)
  A kobold (D:2)
  2 rats
9 creatures vanquished.

Vanquished Creatures (others)
  An orc priest (D:3)
  A gnoll (D:3)
  A rat (D:2)
3 creatures vanquished.

Grand Total: 56 creatures vanquished

Notes
Turn   | Place    | Note
-------+----------+-------------------------------------------
     0 | D:1      | Ijustatesigmund the Octopode Artificer began the quest for the Orb.
     0 | D:1      | Reached XP level 1. HP: 13/13 MP: 3/3
   374 | D:1      | Reached skill level 2 in Fighting
   374 | D:1      | Reached XP level 2. HP: 19/19 MP: 4/4
   915 | D:2      | Found an opulent altar of Gozag.
  1218 | D:2      | Reached XP level 3. HP: 14/25 MP: 5/5
  1386 | D:2      | Reached skill level 3 in Fighting
  1386 | D:2      | Reached skill level 1 in Maces & Flails
  1608 | D:2      | Reached XP level 4. HP: 21/31 MP: 6/6
  2777 | D:3      | Reached XP level 5. HP: 22/37 MP: 7/7
  3110 | D:3      | Reached skill level 4 in Fighting
  3266 | D:3      | Slain by an orc priest

Vault maps used:
D:1:      mushboom_english_gardens
D:2:      serial_aquarium, aquarium_bridge_straight,
          aquarium_bridge_long_joined, aquarium_window_2, aquarium_window_1,
          aquarium_view_2a, aquarium_view_2b, aquarium_balcony_3b, first_bread,
          st_stairs_5, kennysheep_decorative_pillar, grunt_gozag_statues
D:3:      kennysheep_generic_room_10

Skill      XL: |  1  2  3  4  5 |
---------------+----------------+-----
Fighting       | 2 3 4 |  4.0
Maces & Flails | 1 2 |  2.6
Short Blades   | |  1.0
Dodging        | |  2.0
Stealth        | |  1.3
Evocations     | |  3.2

Action                   |  1- 3 |  4- 6 || total
-------------------------+-------+-------++-------
Melee: Short sword       |    43 |       ||    43
       Constrict         |    14 |    13 ||    27
       Tentacles         |     9 |     7 ||    16
       Whip              |    20 |    57 ||    77
Evoke: Wand              |       |    19 ||    19
  Use: Scroll            |     7 |     3 ||    10
       Potion            |     1 |     3 ||     4
 Stab: Sleeping          |     6 |     4 ||    10
  Eat: Chunk             |     2 |     3 ||     5
       Bread ration      |       |     1 ||     1
Armor: Skin              |     6 |    12 ||    18
Dodge: Dodged            |    45 |    39 ||    84
Block: Buckler           |     2 |    16 ||    18

Table legend:
 A = Spawn XP
 B = Non-spawn XP
 C = Spawn XP percentage of total XP
 D = Spawn monster count
 E = Non-spawn monster count
 F = Spawn count percentage of total count
 G = Total turns spent on level
                    A         B        C        D         E        F      G
               +---------+---------+-------+---------+---------+-------+---------
         Total |       0 |     205 |   0.0 |       0 |      53 |   0.0 |  3266
               +---------+---------+-------+---------+---------+-------+---------
           D:1 |       0 |      19 |   0.0 |       0 |      12 |   0.0 |  1075
           D:2 |       0 |      92 |   0.0 |       0 |      21 |   0.0 |  1297
           D:3 |       0 |      94 |   0.0 |       0 |      20 |   0.0 |   894
               +---------+---------+-------+---------+---------+-------+---------
